 Dungeon Crawl Stone Soup version 0.19.1-1-g22dce08 (webtiles) character file.

37 paradoxae the Skirmisher (level 3, -1/23 HPs)
             Began as a Gargoyle Monk on Jan 5, 2017.
             Slain by a gnoll
             ... wielding a +0 club
              (3 damage)
             ... on level 1 of the Dungeon.
             The game lasted 00:04:22 (1291 turns).

paradoxae the Skirmisher (Gargoyle Monk)            Turns: 1291, Time: 00:04:22

Health: -1/23      AC:  9    Str: 14    XL:     3   Next: 39%
Magic:  3/3        EV: 11    Int: 10    God:
Gold:   45         SH:  0    Dex: 13    Spells: 0 memorised, 2 levels left

rFire  . . .     SeeInvis .     a - +0 mace
rCold  . . .     Gourm    .     q - +0 ring mail
rNeg   + . .     Faith    .     (no shield)
rPois  ∞         Spirit   .     (no helmet)
rElec  +         Reflect  .     (no cloak)
rCorr  .         Harm     .     (no gloves)
MR     .....                    m - +0 pair of boots
Stlth  +.........               (no amulet)
                                (no ring)
                                (no ring)

@: no status effects
A: negative energy resistance 1, electricity resistance, unbreathing,
petrification resistance, rot immunity, AC +3
a: no special abilities


You were on level 1 of the Dungeon.
You were very hungry.

You visited 1 branch of the dungeon, and saw 2 of its levels.

You collected 45 gold pieces.

Inventory:

Hand Weapons
 a - a +0 mace (weapon)
Armour
 m - a +0 pair of boots (worn)
 q - a +0 ring mail (worn)
Scrolls
 d - 2 scrolls of recharging {unknown}
 f - 2 scrolls of identify {unknown}
 i - a scroll of fear {unknown}
 j - a scroll of noise {unknown}
 k - a scroll of teleportation {unknown}
 o - a scroll of enchant weapon {unknown}
 r - a scroll of magic mapping {unknown}
Potions
 e - a potion of cure mutation {unknown}
 g - a potion of lignification {unknown}
 h - a potion of heal wounds {unknown}
 n - a potion of might {unknown}
Comestibles
 b - a slice of pizza
 c - 2 bread rations
 l - 2 fruits
 p - a meat ration


   Skills:
 + Level 3.6 Fighting
 + Level 3.4 Maces & Flails
 + Level 1.2 Armour
 + Level 2.7 Dodging
 - Level 2.1 Stealth


You had 2 spell levels left.
You didn't know any spells.

Dungeon Overview and Level Annotations

Branches:
Dungeon (2/15)

Altars:

Annotations:
D:2 Robin


Innate Abilities, Weirdness & Mutations

You are resistant to torment.
Your stone body is resilient. (AC +3)
You are immune to poison.
You resist negative energy. (rN+)
You are resistant to electric shocks. (rElec)
You can survive without breathing.
You are immune to petrification.
You are immune to rotting.


Message History

You are too injured to fight recklessly!
You are too injured to fight recklessly!
You are too injured to fight recklessly!
You are too injured to fight recklessly!
You are too injured to fight recklessly!
You are too injured to fight recklessly!
You hit the gnoll.
The gnoll is heavily wounded.
The gnoll hits you but does no damage.
You completely miss the gnoll.
The gnoll is heavily wounded.
The gnoll hits you with a club.
* * * LOW HITPOINT WARNING * * *
You hit the gnoll.
The gnoll is severely wounded.
The gnoll completely misses you.
You hit the gnoll.
The gnoll is almost dead.
The gnoll hits you with a club.
You die...

# #.# #.##...# ###### # #.#
#.##...# #....# # #.#
#.##...#####....##### # #.#
#..'...'........'...# ###
#.########...#####..(.###.# ..#
#.#.........#.........# #.# #.#
#.#.#######.#.#######.# #.# #.#
#.#.# #.#.# #..#.# #.# #.# #.#.#
#@#.# #..#.###.# #.# #.#.#
#####g#.####........##
#.####.#.###.....>...............
#......#.........................
###....#####.###.#.##.##.#.##..##
..'..............#'##'##.#.......
###.....#.##.####......#######...
#####.#.##.# #.......'.........
#.#.##.# #.......####......


You could see a gnoll.

Vanquished Creatures
  An adder (D:1)
  An ooze (D:1)
  A leopard gecko (D:1)
  A giant cockroach (D:1)
  4 goblins (D:1)
  A hobgoblin (D:1)
  2 jackals (D:1)
  4 kobolds (D:1)
  4 bats
  A frilled lizard (D:1)
  3 rats (D:1)
23 creatures vanquished.

Notes
Turn   | Place    | Note
-------+----------+-------------------------------------------
     0 | D:1      | paradoxae the Gargoyle Monk began the quest for the Orb.
     0 | D:1      | Reached XP level 1. HP: 14/14 MP: 1/1
   571 | D:1      | Reached XP level 2. HP: 15/19 MP: 2/2
  1244 | D:1      | Reached XP level 3. HP: 22/23 MP: 3/3
  1262 | D:2      | Noticed Robin
  1266 | D:1      | Reached skill level 1 in Armour
  1291 | D:1      | Slain by a gnoll

Skill      XL: |  1  2  3 |
---------------+----------+-----
Armour         | 1 |  1.2
Fighting       | |  3.6
Maces & Flails | |  3.4
Dodging        | |  2.7
Stealth        | |  2.1

Action                   || total
-------------------------++-------
Melee: Mace              ||    89
 Stab: Sleeping          ||     1
Armor: Robe              ||    15
       Ring mail         ||    19
Dodge: Dodged            ||    62
